 Dungeon Crawl Stone Soup version 0.30-a0-722-g3e6e8c874d (webtiles) character file.

Game seed: 5903763539892788173

4061 porpoise the Cleaver (level 10, -2/136 HPs)
             Began as a Hill Orc Monk on Jan 28, 2023.
             Was an Elder of Makhleb.
             Slain by an ice beast (12 damage)
             ... on level 8 of the Dungeon.
             The game lasted 00:35:01 (6835 turns).

porpoise the Cleaver (Hill Orc Monk)                Turns: 6835, Time: 00:35:01

Health: -2/136     AC: 21    Str: 19    XL:     10   Next: 25%
Magic:  16/16      EV:  2    Int: 15    God:    Makhleb [****..]
Gold:   492        SH:  0    Dex: 13    Spells: 9/9 levels left

rFire   . . .      SeeInvis +    a - +6 hand axe of the Globe {drain, Int+2}
rCold   . . .      Faith    .    (no shield)
rNeg    . . .      Spirit   .    (body armour currently unavailable)
rPois   +          Reflect  .    (helmet currently unavailable)
rElec   .          Harm     .    (cloak currently unavailable)
rCorr   .          Rampage  .    (gloves currently unavailable)
Will    +....      NoTele   +    (boots currently unavailable)
Stlth   ++                       (no amulet)
HPRegen 0.42/turn                p - ring of flight
MPRegen 0.15/turn                y - ring "Arhao" {Will+ Int+3 SInv}

@: lethally poisoned (-2 -> -5), tree-form, corroded, invisible
A: stationary, stasis, torment immunity, boosted hp
a: Renounce Religion, Minor Destruction, Lesser Servant of Makhleb, Major
Destruction


You were on level 8 of the Dungeon.
You worshipped Makhleb.
Makhleb was greatly pleased with you.
You were a tree.
You visited 2 branches of the dungeon, and saw 9 of its levels.

You collected 492 gold pieces.

Inventory:

Hand Weapons
 a - the +6 hand axe of the Globe (weapon) {drain, Int+2}
   (You found it on level 3 of the Dungeon)

   Int:       It affects your intelligence (+2).
 b - a +0 sling
 w - a +4 flail
Missiles
 s - 3 poisoned darts
 C - 7 boomerangs (quivered)
 F - 6 javelins
Armour
 g - a +0 ring mail (melded)
 o - the +1 robe "Afuso" {Fly Will+ Archmagi}
   (You found it on level 2 of the Dungeon)

   Fly:       It grants you flight.
   Archmagi:  It increases the power of your magical spells.
   Will:      It increases your willpower.
 H - a +1 pair of gloves (melded)
 K - +0 steam dragon scales
 M - a +0 kite shield
Jewellery
 p - a ring of flight (left branch)
 y - the ring "Arhao" (right branch) {Will+ Int+3 SInv}
   (You found it on level 3 of the Dungeon)

   [ring of see invisible]

   Int:       It affects your intelligence (+3).
   SInv:      It lets you see invisible.
   Will:      It increases your willpower.
Wands
 x - a wand of roots (14)
 G - a wand of quicksilver (2)
 I - a wand of digging (6)
Scrolls
 f - 2 scrolls of immolation
 i - a scroll of vulnerability {unknown}
 j - a scroll of teleportation {unknown}
 k - 2 scrolls of enchant weapon
 l - 4 scrolls of enchant armour
 m - a scroll of brand weapon {unknown}
 q - a scroll of magic mapping
 r - a scroll of amnesia {unknown}
 B - a scroll of fear
Potions
 c - a potion of ambrosia
 d - 4 potions of curing
 e - a potion of brilliance
 h - a potion of magic {unknown}
 u - a potion of cancellation
 v - a potion of heal wounds {unknown}
 z - a potion of flight {unknown}
 A - a potion of mutation {unknown}
 D - a potion of haste {unknown}
 E - 3 potions of might
 J - a potion of attraction {unknown}
 L - a potion of lignification


   Skills:
 - Level 9.0 Fighting
 - Level 14.0 Axes
 + Level 3.0 Armour
 - Level 2.4 Dodging
 - Level 1.5 Stealth
 + Level 8.8 Invocations


You had 9 spell levels left.
You didn't know any spells.
Your spell library contained the following spells:

 Spells                   Type           Power      Damage    Failure   Level
 Sting                    Tmut/Pois      0%         1d3       26%         1
 Blink                    Tloc           0%         N/A       38%         2
 Lesser Beckoning         Tloc           0%         N/A       38%         2
 Momentum Strike          Conj/Tloc      0%         3d8       38%         2
 Poisonous Vapours        Pois/Air       0%         N/A       38%         2
 Olgreb's Toxic Radiance  Pois           0%         N/A       95%         4


Dungeon Overview and Level Annotations

Branches:
Dungeon (8/15)             Temple (1/1) D:4
   Lair: D:8-11

Altars:
Cheibriados
Dithmenos
Elyvilon
Fedhas
Gozag
Hepliaklqana
Kikubaaqudgha
Makhleb
Nemelex Xobeh
Qazlal
Ru
Sif Muna
Trog
Vehumet
Wu Jian
Xom
The Shining One

Shops:
D:2 (   D:7 :

Portals:
Abyss: D:8

Annotations:
D:8 2 transporters, Bediveer's ghost, novice DrTm


Message History

You kill the orc wizard!
Makhleb accepts your kill.
You feel better.
You feel sick. The acid dragon spits acid at you. The splash of acid hits you!!
The acid corrodes you!
You hit the acid dragon.
The acid dragon is lightly wounded.
You feel sick.
The howler monkey howls!
You hit the acid dragon.
The acid dragon is lightly wounded.
You feel sick. The acid dragon closely misses you. x2
You hit the acid dragon but do no damage.
The acid dragon is lightly wounded.
You feel sick.
You completely miss the acid dragon.
The acid dragon is lightly wounded.
You feel sick. The acid dragon closely misses you. x2
You catch the helpless acid dragon completely off-guard!
You hit the acid dragon.
The acid dragon is moderately wounded.
You feel sick.
The cyclops throws a large rock.
The large rock misses the killer bee.
The large rock closely misses you. The killer bee closely misses you.
The acid dragon bites you!
* * * LOW HITPOINT WARNING * * *
The acid dragon barely misses you.
The killer bee buzzes angrily.
You feel sick. The ice beast completely misses you.
Things that are here:
a +1 dagger of venom; a +0 robe You are too injured to fight recklessly!
It was a potion of lignification.
You turn into a tree.
Your +1 pair of gloves melds into your body.
Your +0 ring mail melds into your body.
Your roots penetrate the ground.
You feel sick.
The killer bee stings you but does no damage.
The ice beast hits you.
* * * LOW HITPOINT WARNING * * *
The ice beast freezes you!
You die...

..###.##$# #$ #.#P>
....#.##)+.............. +? #.#PP
.####.##$##8....[......8##(##.###
.#....##(+...............+=##....
.#.8..##$#.....y.⌠.......#[ #..8.
.#....##!+...........C...+[##....
.####.##)##8...........8##(##.###
....#.##$+.......Y.hD.... ##.#.♣
....#.##/# #....♣y.D...# #$##.#♣.
....#'#### ######)###########'#.♣
..###.#8# #8###8#'#8###8###8#.###
..'.....+ ........).......'.....'
.######8# #8###8###8###8###8#####
.# ## ## ### ### ### # ## #


You could see a cyclops (unable to see you), a steam dragon (unable to see you,
drained), an acid dragon (unable to see you), an ice beast (unable to see you),
a howler monkey (wandering, unable to see you) and 2 killer bees.

Vanquished Creatures
  Maggie (D:6)
  A kobold demonologist (D:7)
  A wyvern (D:6)
  Menkaure (D:7)
  A water moccasin (D:5)
  An orc warrior (D:7)
  2 sky beasts
  A black bear (D:4)
  2 ogres (D:4)
  3 centaurs
  A phantom (D:6)
  A kobold brigand (D:8)
  6 necrophages
  3 scorpions
  2 wights (D:6)
  2 killer bees (D:8)
  A howler monkey (D:6)
  A hound (D:4)
  A jelly (D:4)
  3 gnoll boudas
  3 iguanas
  4 orc wizards
  Robin (D:4)
  12 adders
  10 gnolls
  2 shadow imps
  2 white imps
  3 ufetubi
  3 worms
  A dart slug (D:5)
  13 orcs
  7 ball pythons
  3 bats
  4 endoplasms
  4 giant cockroaches (D:1)
  17 goblins
  10 hobgoblins
  4 jackals (D:3)
  2 quokkas
  2 frilled lizards (D:1)
  5 kobolds
  7 rats
154 creatures vanquished.

Vanquished Creatures (collateral kills)
  A two-headed ogre (D:7)
1 creature vanquished.

Vanquished Creatures (others)
  A two-headed ogre (D:8)
  An ogre (D:7)
  A bush (D:8)
  A plant (D:8)
4 creatures vanquished.

Grand Total: 159 creatures vanquished

Notes
Turn   | Place    | Note
-------+----------+-------------------------------------------
     0 | D:1      | porpoise the Hill Orc Monk began the quest for the Orb.
     0 | D:1      | Reached XP level 1. HP: 19/19 MP: 1/1
   222 | D:1      | Reached XP level 2. HP: 15/27 MP: 2/2
   744 | D:1      | Reached skill level 5 in Axes
  1038 | D:1      | Reached XP level 3. HP: 29/33 MP: 3/3
  1230 | D:2      | Identified the +1 robe "Afuso" {Fly Will+ Archmagi}
  1293 | D:2      | Found Uhauleub's Weapon Emporium.
  1363 | D:2      | Reached XP level 4. HP: 41/41 MP: 4/4
  1689 | D:2      | Reached skill level 6 in Axes
  1842 | D:3      | Identified the ring "Arhao" {Will+ Int+3 SInv}
  2070 | D:3      | Found a faded altar of an unknown god.
  2083 | D:3      | Prayed at the altar of an unknown god.
  2083 | D:3      | Became a worshipper of Makhleb the Destroyer
  2083 | D:3      | Reached * piety under Makhleb
  2083 | D:3      | Reached ** piety under Makhleb
  2187 | D:3      | Reached XP level 5. HP: 45/47 MP: 5/5
  2237 | D:3      | Identified the +6 hand axe of the Globe {drain, Int+2}
  2342 | D:4      | Noticed Robin
  2351 | D:4      | Reached *** piety under Makhleb
  2358 | D:4      | Reached skill level 5 in Fighting
  2360 | D:4      | Killed Robin
  2361 | D:4      | Reached skill level 7 in Axes
  2376 | D:4      | Reached XP level 6. HP: 32/56 MP: 6/6
  2678 | D:4      | Noticed a black bear
  2688 | D:4      | Killed a black bear
  2689 | D:4      | Reached skill level 8 in Axes
  2689 | D:4      | Reached skill level 1 in Invocations
  2699 | D:4      | Found a staircase to the Ecumenical Temple.
  2741 | Temple   | Entered the Ecumenical Temple
  2854 | D:4      | Reached XP level 7. HP: 47/62 MP: 8/8
  3148 | D:4      | Reached skill level 9 in Axes
  3412 | D:5      | Entered Level 5 of the Dungeon
  3510 | D:5      | Reached **** piety under Makhleb
  3548 | D:5      | Reached XP level 8. HP: 71/71 MP: 10/10
  3591 | D:5      | Reached skill level 10 in Axes
  4241 | D:6      | Reached skill level 5 in Invocations
  4482 | D:6      | Found a blossoming altar of Fedhas.
  4518 | D:6      | Noticed Maggie
  4535 | D:6      | Killed Maggie
  4536 | D:6      | Reached skill level 11 in Axes
  4797 | D:6      | Found a shimmering blue altar of Sif Muna.
  4912 | D:6      | Reached XP level 9. HP: 81/81 MP: 13/13
  4931 | D:6      | Found a glowing golden altar of the Shining One.
  5107 | D:7      | Found a shimmering altar of Xom.
  5146 | D:6      | Reached skill level 12 in Axes
  5352 | D:7      | Found Vuddat's Book Shoppe.
  5426 | D:7      | Found a white marble altar of Elyvilon.
  5527 | D:7      | Found an opulent altar of Gozag.
  5528 | D:7      | Noticed a kobold demonologist
  5528 | D:7      | Noticed Menkaure
  5538 | D:7      | Killed a kobold demonologist
  5547 | D:7      | Killed Menkaure
  5548 | D:7      | Reached skill level 13 in Axes
  5984 | D:7      | Noticed a two-headed ogre
  5993 | D:7      | Killed a two-headed ogre
  5994 | D:7      | Reached XP level 10. HP: 18/91 MP: 14/16
  6291 | D:8      | Found a transporter.
  6329 | D:8      | Found a transporter.
  6329 | D:8      | Noticed a toenail golem
  6339 | D:8      | Found a one-way gate to the infinite horrors of the Abyss.
  6339 | D:8      | Noticed Bediveer's ghost (novice DrTm)
  6339 | D:8      | Noticed a toenail golem
  6518 | D:8      | Found a sacrificial altar of Ru.
  6594 | D:8      | Found a sparkling altar of Nemelex Xobeh.
  6626 | D:8      | Identified the +0 leather armour of Gallantry {Harm rF-
                  | MP+9 Str+6}
  6812 | D:8      | Noticed a two-headed ogre
  6813 | D:8      | Noticed a cyclops
  6817 | D:8      | Killed a two-headed ogre
  6818 | D:8      | Reached skill level 14 in Axes
  6835 | D:8      | Slain by an ice beast

Illustrated notes

Levels and vault maps discovered:
D:1:      minmay_arrival_open_corners, layout_basic, minmay_pentomino_w2
D:2:      layout_rooms, serial_shops, nicolae_shop_trees,
          hangedman_decor_slide_cut
D:3:      layout_rooms, ebering_ecumenical_altar_sacrificial
D:4:      layout_rooms, minmay_temple_entry_overgrown, patterned_corridor,
          uniq_robin
D:5:      layout_rooms
D:6:      layout_basic, tso_altar, nicolae_sif_muna_little_library,
          mainiacjoe_overflow_boulevard, uniq_maggie
D:7:      layout_basic, xom_confusion_cloud,
          mainiacjoe_overflow_concentric_impassable, lemuel_round_altar,
          serial_shops, nicolae_shop_competitors_out_of_business, uniq_menkaure
D:8:      wad_statue_garden, layout_basic, old_standard_altar,
          gammafunk_temple_overflow_forgotten, nicolae_ru_sacrificial_ziggurat,
          gammafunk_ghost_abyssal_escape
Temple:   nicolae_temple_bog_church

Skill      XL: |  1  2  3  4  5  6  7  8  9 10 |
---------------+-------------------------------+-----
Fighting       | 4 5 6 7 9 |  9.0
Axes           | 5 6 7 8 9 11 13 14 | 14.0
Invocations    | 2 3 5 8 |  8.8
Armour         | 2 3 |  3.0
Dodging        | |  2.4
Stealth        | |  1.5

Action                     |  1- 3 |  4- 6 |  7- 9 | 10-12 || total
---------------------------+-------+-------+-------+-------++-------
  Melee: Hand axe          |   100 |   186 |   186 |    28 ||   500
         Punch             |       |     1 |     1 |       ||     2
   Fire: Sling             |       |       |    14 |       ||    14
  Throw: Dart              |       |     2 |    13 |       ||    15
         Boomerang         |       |       |     3 |       ||     3
 Invoke: Minor Destruction |       |     1 |       |       ||     1
         Lesser Servant of |       |       |     1 |       ||     1
    Use: Scroll            |       |     1 |     9 |     2 ||    12
         Potion            |       |       |     2 |     2 ||     4
   Stab: Sleeping          |     2 |     1 |       |       ||     3
         Invisible         |       |       |       |     4 ||     4
 Armour: Ring mail         |    33 |    59 |    42 |     8 ||   142
         Skin              |       |       |       |     1 ||     1
  Dodge: Dodged            |    43 |    78 |    74 |    26 ||   221

Table legend: (Time is in decaauts)
 A = Elapsed time spent in this place.
 B = Non-inter-level travel time spent in this place.
 C = Inter-level travel time spent in this place.
 D = Time resting spent in this place.
 E = Time spent auto-exploring this place.
 F = Levels seen in this place.
 G = Mean time per level.
                   A        B        C        D        E       F      G
               +--------+--------+--------+--------+--------+-----+--------+
         Total |   6799 |   6703 |     96 |   1689 |   3594 |   9 |  755.4 |
       Dungeon |   6768 |   6687 |     81 |   1689 |   3585 |   8 |  846.0 |
        Temple |     30 |     15 |     15 |      0 |      9 |   1 |   30.0 |
               +--------+--------+--------+--------+--------+-----+--------+

Top non-repeatable levels by time:
     D:6: 1235 daAuts
     D:1: 1169 daAuts
     D:4: 1032 daAuts
     D:7: 961 daAuts
     D:5: 656 daAuts
     D:2: 638 daAuts
     D:8: 537 daAuts
     D:3: 536 daAuts
  Temple: 30 daAuts
